AoeStats
← no one

Arena

508882931Analyzed
1v1 RM · 8d ago on Sep 24, 2026· 45m 27s· 2 players
Game mode
Random Map
Map size
Tiny (2 player)
Population
200
Speed
Normal
Resources
Standard
Victory
Conquest
Starting age
Dark Age
Ending age
Imperial Age
RankedLock teamsTeams togetherTeam positionsShared explorationLock speedFull tech treeHidden civsTurbo modeCheats
Victory
Defeat
🇨🇴 Bulgarians · Colombia
1560
+21
🇦🇷 Britons · Argentina
1682
-21
TRYHC_WRYPIG
10:24 Feudal Age
14:06 Castle Age
12:34 Double-Bit Axe
20:19 Horse Collar
21:42 Bow Saw
22:24 Wheelbarrow
23:25 Gold Mining
23:26 Stone Mining
24:38 Hand Cart
24:09 Loom
27:13 Scale Mail Armor
27:24 Forging
30:05 Imperial Age
27:20 Town Watch
27:29 Gambesons
27:45 Squires
27:30 Arson
29:10 Chain Mail Armor
30:03 Ballistics
30:55 Bagains
30:16 Heavy Scorpion
31:34 Plate Mail Armor
32:10 Capped Ram
34:11 Conscription
34:37 Siege Ram
36:39 Chemistry
39:26 Siege Engineers
42:48 Fletching
43:41 Iron Casting
44:17 Masonry
no one
10:57 Feudal Age
12:01 Double-Bit Axe
14:27 Castle Age
12:23 Horse Collar
15:12 Husbandry
16:19 Bow Saw
18:10 Loom
19:58 Town Watch
21:34 Wheelbarrow
23:54 Stone Mining
23:56 Gold Mining
27:50 Imperial Age
26:20 Fletching
26:55 Bodkin Arrow
27:34 Ballistics
27:26 Masonry
27:41 Padded Archer Armor
29:35 Chemistry
29:41 Conscription
29:47 Yeomen
29:40 Bracer
31:48 Leather Archer Armor
33:27 Elite Longbowman
36:27 Ring Archer Armor
36:39 Murder Holes
36:14 Onager
39:37 Two-Man Saw
43:28 Light Cavalry
Connection lost

Rejoining the realm…

Still unreachable

The connection could not be restored.

Session expired

The server has moved on; the page needs a fresh start.